 Dungeon Crawl Stone Soup version 0.23-a0-386-g9c9d49f (webtiles) character file.

5 iamserjio the Ducker (level 1, 0/10 HPs)
             Began as a Felid Chaos Knight on Oct 28, 2018.
             Was a Plaything of Xom.
             Slain by a worm (10 damage)
             ... on level 2 of the Dungeon.
             The game lasted 00:01:12 (696 turns).

iamserjio the Ducker (Felid Chaos Knight)            Turns: 696, Time: 00:01:13

Health: 0/10       AC:  1    Str:  8    XL:     1   Next: 66%
Magic:  0/2        EV: 18    Int: 13    God:    Xom [.*....]
Gold:   32         SH:  0    Dex: 15    Spells: 0/0 levels left
                                        Lives:  0   Deaths: 0

rFire    . . .     SeeInvis +     - Unarmed
rCold    . . .     Gourm    .   (shield unavailable)
rNeg     . . .     Faith    .   (armour unavailable)
rPois    .         Spirit   +   (helmet unavailable)
rElec    .         Reflect  .   (cloak unavailable)
rCorr    .         Harm     .   (gloves unavailable)
MR       .....                  (boots unavailable)
Stlth    ++........             b - amulet of guardian spirit
HPRegen  0.03/turn              d - ring of flight
MPRegen  0.08/turn              (no ring)

@: quick
A: very small, no armour, no weapons or thrown items, stealth, claws 1, fangs 3,
see invisible, carnivore, speed 1, shaggy fur 1, slow metabolism 1, sharp paws
a: Renounce Religion, Evoke Flight


You were on level 2 of the Dungeon.
You worshipped Xom.
You were a plaything of Xom.
You were full.

You visited 1 branch of the dungeon, and saw 2 of its levels.

You collected 32 gold pieces.

Inventory:

Jewellery
 b - an amulet of guardian spirit (around neck)
 d - a ring of flight (left paw)
Potions
 c - 2 potions of curing {unknown}
Comestibles
 a - 3 rations


   Skills:
 - Level 3.0 Fighting
 * Level 3.4 Dodging
 * Level 1.1 Stealth
 + Level 3.0 Unarmed Combat


You couldn't memorise any spells.
You didn't know any spells.
Your spell library was empty.

Dungeon Overview and Level Annotations

Branches:
Dungeon (2/15)

Altars:


Innate Abilities, Weirdness & Mutations

You cannot wear armour.
You are incapable of wielding weapons or throwing items.
Your paws allow you to move quietly. (Stealth)
You have sharp claws.
You have razor-sharp teeth.
You have supernaturally acute eyesight. (SInv)
You are carnivorous and can eat meat at any time.
You cover ground quickly.
You are covered in fur. (AC +1)
You have a slow metabolism.
Your sharp claws are effective at attacking unaware monsters.


Message History

There is an open door here.
Key pressed, stopping explore.
Done exploring.
Done exploring.
You see here a chain mail.
There is an open door here.
There is a stone staircase leading down here.
Put on which piece of jewellery? (? for menu, Esc to quit)
d - a ring of flight (left paw) Put on which piece of jewellery? (? for menu, Esc to quit)
You feel your power drawn to a protective spirit.
b - an amulet of guardian spirit (around neck)
You climb downwards.
A worm comes into view.
There is a stone staircase leading up here.
Found a stone staircase leading down.
The worm closely misses you.
You completely miss the worm. The worm bites you!
Ouch! That really hurt!
You die...

### >.# #.#
#.# #.# #.#
#w# #@# #.#
#.# #######.##
#........#
#.#...<..#
#......#
.............
...##......###


You could see a worm.

Vanquished Creatures
  A giant cockroach (D:1)
  A goblin (D:1)
  A kobold (D:1)
  A bat (D:1)
  A rat (D:1)
5 creatures vanquished.

Notes
Turn   | Place    | Note
-------+----------+-------------------------------------------
     0 | D:1      | iamserjio the Felid Chaos Knight began the quest for the
                  | Orb.
     0 | D:1      | Reached XP level 1. HP: 10/10 MP: 2/2
   183 | D:1      | Reached skill level 1 in Stealth
   486 | D:1      | XOM: harmless Conj miscast
   696 | D:2      | Slain by a worm

Vault maps used:
D:1:      lightli_arrival_farm

Skill      XL: |  1 |
---------------+----+-----
Stealth        | 1 |  1.1
Fighting       | |  3.0
Dodging        | |  3.4
Unarmed Combat | |  3.0

Action                   || total
-------------------------++-------
Melee: Unarmed           ||    16
       Bite              ||     1
 Stab: Sleeping          ||     2
  Eat: Chunk             ||     3
Armor: Skin              ||     1
Dodge: Dodged            ||    11

Table legend:
 A = Non-vault XP
 B = Vault XP
 C = Vault XP percentage of total XP
 D = Non-vault monster count
 E = Vault monster count
 F = Vault count percentage of total count
                 A         B        C        D         E       F
            +---------+---------+-------+---------+---------+-------
      Total |       8 |       0 |   0.0 |       5 |       0 |   0.0
            +---------+---------+-------+---------+---------+-------
        D:1 |       8 |       0 |   0.0 |       5 |       0 |   0.0
            +---------+---------+-------+---------+---------+-------
